 Dungeon Crawl Stone Soup version 0.31-a0-543-geaa9c7a2c0 (webtiles) character file.

Game seed: 2056499553055531470

440 Ethylacetat the Ducker (level 7, -2/49 HPs)
             Began as an Octopode Gladiator on Aug 15, 2023.
             Slain by an orc priest
             ... wielding a +0 hand axe
              (6 damage)
             ... on level 5 of the Dungeon.
             The game lasted 00:04:32 (3313 turns).

Ethylacetat the Ducker (Octopode Gladiator)         Turns: 3313, Time: 00:04:33

Health: -2/49      AC:  1    Str: 13    XL:     7   Next: 2%
Magic:  7/7        EV: 15    Int: 10    God:
Gold:   193        SH:  0    Dex: 16    Spells: 6/6 levels left

rFire   . .          .
                       - Unarmed
rCold   . . .        (no shield)
rNeg    . . .        a - melded +0 hat
rPois   .            (no amulet)
rElec   .            (no ring)
rCorr   .            (no ring)
SInv    .            (no ring)
Will    .....        (no ring)
Stlth   ++           (no ring)
HPRegen 0.28/turn    (no ring)
MPRegen 0.10/turn    (no ring)
                     (no ring)

%: no passive effects
@: beast-form
A: beast (slay +0), almost no armour, amphibious, 8 rings, camouflage 1,
gelatinous body 1, (nimble swimmer 1), tentacles
a: Begin Untransformation


You were on level 5 of the Dungeon.
You were a hulking beast.
You visited 1 branch of the dungeon, and saw 5 of its levels.

You collected 193 gold pieces.

Inventory:

Missiles
 b - 3 throwing nets (quivered)
 c - a javelin
Armour
 a - a +0 hat (melded)
Talismans
 w - a beast talisman (active)
Wands
 v - a wand of flame (12)
Scrolls
 e - 3 scrolls of teleportation {unknown}
 f - a scroll of fear {unknown}
 i - a scroll of fog {unknown}
 l - 8 scrolls of identify {unknown}
 m - 4 scrolls of immolation {unknown}
 p - a scroll of silence {unknown}
 r - 2 scrolls of enchant armour {unknown}
 t - a scroll of amnesia {unknown}
 x - a scroll of poison {unknown}
Potions
 d - a potion of haste {unknown}
 g - a potion of heal wounds {unknown}
 h - 2 potions of enlightenment {unknown}
 j - a potion of brilliance {unknown}
 k - a potion of might {unknown}
 n - a potion of cancellation {unknown}
 o - 2 potions of berserk rage
 q - 3 potions of curing {unknown}
 s - 2 potions of attraction {unknown}
 u - a potion of ambrosia {unknown}
 z - a potion of lignification {unknown}


   Skills:
 + Level 4.3 Fighting
 - Level 2.0 Throwing
 + Level 4.9 Dodging
 + Level 4.8 Unarmed Combat
 * Level 1.2 Shapeshifting


You had 6 spell levels left.
You didn't know any spells.
Your spell library was empty.

Dungeon Overview and Level Annotations

Branches:
Dungeon (5/15)
 Temple: D:4-7

Altars:

Annotations:
D:5 Duvessa


Innate Abilities, Weirdness & Mutations

You are a hulking beast.
Your limbs bulge with bestial killing power. (Slay +0)
You cannot wear most types of armour.
You are amphibious.
You can wear up to eight rings at the same time.
Your skin changes colour to match your surroundings (Stealth+).
Your rubbery body absorbs attacks. (AC +1, EV +1)
((You are camouflaged when in or above water. (Stealth+)))
You have tentacles for arms and can constrict up to eight enemies at once.


Message History

HP restored.
You climb downwards.
Level annotation: Duvessa
There is a stone staircase leading up here.
You can't go down here!
Aiming: Throw Flame
Press: ? - help, Shift-Dir - straight line, f - Duvessa
Aim: Duvessa, wielding a +0 short sword, wearing a +1 ring mail of cold resistance and carrying a wand of flame (lightly wounded, 77% to hit)
The puff of flame hits Duvessa but does no damage.
Duvessa is lightly wounded.
Aiming: Throw Flame
Press: ? - help, Shift-Dir - straight line, f/p - Duvessa
Aim: Duvessa, wielding a +0 short sword, wearing a +1 ring mail of cold resistance and carrying a wand of flame (lightly wounded, 77% to hit)
The puff of flame hits Duvessa.
Duvessa is lightly wounded.
Duvessa zaps a wand.
The puff of flame hits you!
Aiming: Throw Flame
Press: ? - help, Shift-Dir - straight line, f/p - Duvessa
Aim: Duvessa, wielding a +0 short sword, wearing a +1 ring mail of cold resistance and carrying a wand of flame (lightly wounded, 77% to hit)
The puff of flame hits Duvessa but does no damage.
Duvessa is lightly wounded.
Duvessa zaps a wand.
The puff of flame hits you!
There is a stone staircase leading up here.
You closely miss Duvessa. You grab Duvessa.
Duvessa is lightly wounded.
You constrict Duvessa, but do no damage.
Duvessa closely misses you.
An orc comes into view. It is wielding a +0 trident.
You tentacle-slap Duvessa. You squeeze Duvessa.
Duvessa is moderately wounded.
You constrict Duvessa, but do no damage.
Duvessa zaps a wand.
The puff of flame hits you! The orc misses you.
You release your grip on Duvessa.
Duvessa says, "When magic and the sword combine, nothing stands against them."
Duvessa hits you with a +0 short sword.
* * * LOW HITPOINT WARNING * * *
The orc hits you with a +0 trident!
* * * LOW HITPOINT WARNING * * *
The orc priest hits you with a +0 hand axe.
You die...

#...### ##.....# #
#.....# .#
#...######.#
####....##....#
##..#.#...#....#.#.
##.....##...........
##....#.##o.o.#.#..##
#.....#...eh#.<....#
##.##.....###.......
#....#...###...##...
##...#...#.###..# ..
#..........## .## ..
##...#......##>....
######..##..#.[...
###..........
#..........


You could see Duvessa, an orc priest and an orc.

Vanquished Creatures
  Menkaure (D:5)
  A black bear (D:4)
  A hound (D:4)
  An orc priest (D:4)
  An orc wizard (D:3)
  A gnoll (D:3)
  4 adders
  2 worms
  3 dart slugs
  5 orcs
  5 bats
  3 endoplasms
  2 giant cockroaches
  6 goblins
  9 hobgoblins
  6 jackals
  4 quokkas
  7 ball pythons
  3 frilled lizards
  8 kobolds
  14 rats
87 creatures vanquished.

Notes
Turn   | Place    | Note
-------+----------+-------------------------------------------
     0 | D:1      | Ethylacetat the Octopode Gladiator began the quest for the
                  | Orb.
     0 | D:1      | Reached XP level 1. HP: 14/14 MP: 1/1
   111 | D:1      | Reached XP level 2. HP: 19/19 MP: 2/2
   428 | D:1      | Reached XP level 3. HP: 25/25 MP: 3/3
  1367 | D:2      | Found a faded altar of an unknown god.
  1601 | D:3      | Reached XP level 4. HP: 30/30 MP: 4/4
  1993 | D:3      | HP: 1/31 [gnoll/+0 whip (5)]
  2221 | D:3      | Reached XP level 5. HP: 36/36 MP: 5/5
  2496 | D:4      | Noticed a black bear
  2505 | D:4      | Killed a black bear
  2506 | D:4      | Reached XP level 6. HP: 7/43 MP: 6/6
  3125 | D:5      | Entered Level 5 of the Dungeon
  3155 | D:5      | Noticed Menkaure
  3162 | D:5      | Noticed Duvessa
  3163 | D:5      | Killed Menkaure
  3164 | D:5      | Reached skill level 1 in Shapeshifting
  3164 | D:5      | Reached XP level 7. HP: 22/49 MP: 7/7
  3313 | D:5      | Slain by an orc priest

Illustrated notes

Levels and vault maps discovered:
D:1:      lemuel_arrival_river_ford, layout_loops_ring
D:2:      minmay_recursive_quarters, layout_basic,
          chequers_ecumenical_altar_grove, dk_noncrumbling_2
D:3:      layout_basic, minmay_joined_circles
D:4:      layout_cave_pools
D:5:      layout_cave_pools, minmay_misc_feat_rows, uniq_duvessa, uniq_menkaure,
          uniq_ijyb

Skill      XL: |  1  2  3  4  5  6 |
---------------+-------------------+-----
Fighting       | 3 4 |  4.3
Dodging        | 4 |  4.9
Unarmed Combat | 4 |  4.8
Shapeshifting  | 1 |  1.2
Throwing       | |  2.0

Action                     |  1- 3 |  4- 6 |  7- 9 || total
---------------------------+-------+-------+-------++-------
  Melee: Unarmed           |    89 |    95 |     2 ||   186
         Tentacles         |    16 |    26 |     1 ||    43
         Constrict         |    22 |    29 |     1 ||    52
         Punch             |     2 |     4 |       ||     6
  Evoke: Wand              |       |       |     4 ||     4
    Use: Potion            |       |     1 |       ||     1
   Stab: Sleeping          |     5 |     3 |       ||     8
 Armour: Skin              |     7 |     7 |       ||    14
  Dodge: Dodged            |    52 |    62 |     2 ||   116
   Form: Beast             |       |     1 |       ||     1

Table legend: (Time is in decaauts)
 A = Elapsed time spent in this place.
 B = Non-inter-level travel time spent in this place.
 C = Inter-level travel time spent in this place.
 D = Time resting spent in this place.
 E = Time spent auto-exploring this place.
 F = Levels seen in this place.
 G = Mean time per level.
                   A        B        C        D        E       F      G
               +--------+--------+--------+--------+--------+-----+--------+
         Total |   3308 |   3169 |    139 |    155 |   2508 |   5 |  661.6 |
       Dungeon |   3308 |   3169 |    139 |    155 |   2508 |   5 |  661.6 |
               +--------+--------+--------+--------+--------+-----+--------+

Top non-repeatable levels by time:
     D:3: 889 daAuts
     D:2: 865 daAuts
     D:4: 776 daAuts
     D:1: 719 daAuts
     D:5: 57 daAuts
